 Dungeon Crawl Stone Soup version 0.32-a0-699-g1ee5eff69a (webtiles) character file.

Game seed: 14495870637610724785

211 Griffin23 the Covered (level 5, -1/47 HPs)
             Began as a Minotaur Fighter on Mar 13, 2024.
             Was a Follower of Nemelex Xobeh.
             Slain by an ogre
             ... wielding a +0 giant club
              (20 damage)
             ... on level 4 of the Dungeon.
             The game lasted 00:05:16 (3412 turns).

Griffin23 the Covered (Minotaur Fighter)            Turns: 3412, Time: 00:05:17

Health: -1/47      AC:  9    Str: 21    XL:     5   Next: 57%
Magic:  4/4        EV:  7    Int:  5    God:    Nemelex Xobeh [*.....]
Gold:   159        SH:  4    Dex: 11    Spells: 4/4 levels left

rFire   . . .        a - +0 long sword
rCold   . . .        c - +0 buckler
rNeg    . . .        m - +0 chain mail
rPois   .            (helmet restricted)
rElec   .            (no cloak)
rCorr   .            (no gloves)
SInv    .            (no boots)
Will    .....        (no amulet) Stlth
                     (no ring)
HPRegen 0.27/turn    (no ring)
MPRegen 0.09/turn

%: no passive effects
@: studying Armour
A: horns 2, retaliatory headbutt
a: Renounce Religion, Draw Escape, Draw Destruction, Draw Summoning


You were on level 4 of the Dungeon.
You worshipped Nemelex Xobeh.
Nemelex Xobeh was aware of your devotion.
You visited 1 branch of the dungeon, and saw 4 of its levels.

You collected 159 gold pieces.

Inventory:

Hand Weapons
 a - a +0 long sword (weapon)
Armour
 b - a +0 scale mail
 c - a +0 buckler (worn)
 m - a +0 chain mail (worn)
Magical Staves
 i - a staff of air
Wands
 p - a wand of mindburst (17)
Scrolls
 e - a scroll of poison {unknown}
 f - 3 scrolls of teleportation {unknown}
 j - 3 scrolls of identify {unknown}
 n - a scroll of vulnerability {unknown}
 r - a scroll of noise {unknown}
Potions
 d - a potion of might
 g - 2 potions of heal wounds {unknown}
 h - a potion of invisibility {unknown}
 k - a potion of ambrosia {unknown}
 l - 2 potions of lignification {unknown}
 o - a potion of mutation {unknown}
 q - a potion of curing {unknown}
 s - a potion of haste {unknown}


   Skills:
 * Level 4.5 Fighting
 * Level 5.1 Long Blades
 * Level 5.4 Armour
 - Level 0.2 Dodging
 + Level 4.2 Shields


You had 4 spell levels left.
You didn't know any spells.
Your spell library contained the following spells:

 Spells                   Type           Power      Damage    Failure   Level
 Freeze                   Ice            0%         1d3       99%         1
 Frozen Ramparts          Ice            0%         1d1       100%        3
 Hailstorm                Conj/Ice       0%         3d5       100%        3


Dungeon Overview and Level Annotations

Branches:
Dungeon (4/15)
 Temple: D:4-7

Altars:
Ashenzari
Kikubaaqudgha
Nemelex Xobeh

Shops:
D:1 :   D:2 :


Innate Abilities, Weirdness & Mutations

You have a pair of horns on your head.
You reflexively headbutt those who attack you in melee.


Message History

Found a helmet.
No target in view!
Nemelex will now gift you decks of power as you gain piety.
r - a scroll labelled NUENAMN LIASA No target in view!
You now have 159 gold pieces (gained 15).
You open the door.
Found a robe.
s - a smoky golden potion No target in view!
An ogre comes into view. It is wielding a +0 giant club.
An ogre is nearby!
An ogre is nearby!
The ogre hits you with a +0 giant club!
An ogre is nearby!
You hit the ogre.
The ogre is lightly wounded.
The ogre closely misses you.
You closely miss the ogre. You headbutt the ogre!
The ogre is moderately wounded.
An ogre is nearby!
You hit the ogre.
The ogre is moderately wounded.
The ogre closely misses you.
You hit the ogre.
The ogre is heavily wounded.
You block the ogre's attack.
You slash the ogre!
The ogre is severely wounded.
The ogre hits you with a +0 giant club!!
You are too injured to fight recklessly!
You are too injured to fight recklessly!
You are too injured to fight recklessly!
You hit the ogre.
The ogre is almost dead.
You hit the ogre.
The ogre is almost dead.
The ogre hits you with a +0 giant club!!
You die...
Your body disappears without a glow.

#..............#
#.####.##.#.####
###.####.##.#...
+........##.#####
###.####...[#
###..######..
#..........
##.#######.###.
#.....@O......
#############.


You could see an ogre.

Vanquished Creatures
  An orc priest (D:3)
  4 gnolls (D:2)
  4 adders
  4 dart slugs
  3 ribbon worms (D:2)
  2 orcs (D:3)
  7 endoplasms
  5 giant cockroaches
  4 goblins
  8 hobgoblins
  3 jackals (D:1)
  10 kobolds
  8 quokkas
  6 ball pythons
  9 bats
  4 frilled lizards
  8 rats
90 creatures vanquished.

Notes
Turn   | Place    | Note
-------+----------+-------------------------------------------
     0 | D:1      | Griffin23 the Minotaur Fighter began the quest for the Orb.
     0 | D:1      | Reached XP level 1. HP: 19/19 MP: 0/0
    19 | D:1      | Found Syfum's Book Shoppe.
   537 | D:1      | Reached XP level 2. HP: 21/27 MP: 1/1
   692 | D:1      | You fall into a shaft and drop 1 floor!
   716 | D:2      | Reached XP level 3. HP: 33/33 MP: 2/2
   720 | D:2      | Found Issakh's Book Emporium.
   838 | D:2      | Reached XP level 4. HP: 33/40 MP: 3/3
  1669 | D:1      | Reached XP level 5. HP: 44/47 MP: 4/4
  2763 | D:3      | Found an ancient bone altar of Kikubaaqudgha.
  2763 | D:3      | Found a sparkling altar of Nemelex Xobeh.
  2786 | D:3      | Became a worshipper of Nemelex Xobeh the Trickster
  2844 | D:3      | Reached skill level 5 in Armour
  2962 | D:3      | Found a faded altar of an unknown god.
  2963 | D:3      | Noticed an eye of devastation
  2968 | D:3      | Noticed a glass eye
  2973 | D:3      | Noticed an eye of devastation
  2973 | D:3      | Noticed a great orb of eyes
  3042 | D:3      | Found a broken altar of Ashenzari.
  3047 | D:3      | Reached skill level 5 in Long Blades
  3364 | D:4      | Reached * piety under Nemelex Xobeh
  3402 | D:4      | Noticed an ogre
  3412 | D:4      | Slain by an ogre

Illustrated notes

Levels and vault maps discovered:
D:1:      minmay_arrival_radiant_lines, layout_basic, serial_shops, shop,
          serial_forest, infiniplex_forest_clump_large, infiniplex_forest_end_2,
          infiniplex_forest_clump_tiny, infiniplex_forest_lined_1,
          infiniplex_forest_straight_4, infiniplex_forest_clump_long
D:2:      layout_loops_ring, serial_shops, nicolae_shop_tiny_waterfront,
          minmay_octomino_e4
D:3:      layout_rooms, mainiacjoe_overflow_24_doors, jmf_multi_god_temple,
          hellmonk_ecumenical_altar_watching_god, dreamdust_princess_corridor
D:4:      layout_basic, minmay_temple_entry_wispy

Skill      XL: |  1  2  3  4  5 |
---------------+----------------+-----
Shields        | 4 |  4.2
Fighting       | 4 |  4.5
Armour         | 4 5 |  5.4
Long Blades    | 3 4 5 |  5.1
Dodging        | |  0.2

Action                     |  1- 3 |  4- 6 || total
---------------------------+-------+-------++-------
  Melee: Long sword        |    81 |   420 ||   501
         Headbutt          |    19 |   132 ||   151
 Armour: Scale mail        |   120 |    54 ||   174
         Chain mail        |       |    40 ||    40
  Dodge: Dodged            |    36 |    64 ||   100
  Block: Buckler           |    24 |    37 ||    61

Table legend: (Time is in decaauts)
 A = Elapsed time spent in this place.
 B = Non-inter-level travel time spent in this place.
 C = Inter-level travel time spent in this place.
 D = Time resting spent in this place.
 E = Time spent auto-exploring this place.
 F = Levels seen in this place.
 G = Mean time per level.
                   A        B        C        D        E       F      G
               +--------+--------+--------+--------+--------+-----+--------+
         Total |   3521 |   3435 |     86 |    477 |   2012 |   4 |  880.2 |
       Dungeon |   3521 |   3435 |     86 |    477 |   2012 |   4 |  880.2 |
               +--------+--------+--------+--------+--------+-----+--------+

Top non-repeatable levels by time:
     D:1: 2056 daAuts
     D:2: 746 daAuts
     D:3: 637 daAuts
     D:4: 81 daAuts
